 Dungeon Crawl Stone Soup version 0.29.1-2-gbd0b4ee654 (webtiles) character file.

Game seed: 9511194186599788451

608 hawla the Conjurer (level 8, -1/58 HPs)
             Began as a Meteoran Ice Elementalist on Oct 29, 2022.
             Slain by a gnoll
             ... wielding a +0 spear
             ... led by a gnoll bouda
              (6 damage)
             ... on level 4 of the Dungeon.
             The game lasted 00:11:09 (2152 turns).

hawla the Conjurer (Meteoran Ice Elementalist)      Turns: 2152, Time: 00:11:09

Health: -1/58      AC:  5    Str:  9    XL:     8   Next: 2%
Magic:  3/15       EV: 12    Int: 18    God:
Gold:   130        SH:  0    Dex: 16    Spells: 7/15 levels left

rFire   . . .      SeeInvis .   (no weapon)
rCold   . . .      Faith    .   (no shield)
rNeg    . . .      Spirit   .   a - +0 robe
rPois   .          Reflect  .   (no helmet)
rElec   .          Harm     .   (no cloak)
rCorr   .          Rampage  .   m - +1 pair of gloves
Will    .....                   (no boots)
Stlth   +.........              (no amulet)
HPRegen 0.19/turn               (no ring)
MPRegen 0.14/turn               (no ring)

@: silenced, weak-willed, very slightly contaminated, glowing
A: sense surroundings 1, otherworldly, glowing, explore regen, shaggy fur 1,
MP-powered wands
a: no special abilities


You were on level 4 of the Dungeon.
You visited 2 branches of the dungeon, and saw 5 of its levels.

You collected 130 gold pieces.

Inventory:

Armour
 a - a +0 robe (worn)
 m - a +1 pair of gloves (worn)
Jewellery
 l - a ring of protection from fire
Wands
 d - a wand of roots (8)
Potions
 c - 2 potions of might {unknown}
 h - 2 potions of curing
 n - a potion of brilliance {unknown}


   Skills:
 - Level 0.5 Fighting
 - Level 2.5 Dodging
 - Level 1.4 Stealth
 - Level 4.0 Spellcasting
 + Level 7.3 Conjurations
 - Level 6.0 Ice Magic


You had 7 spell levels left.
You knew the following spells:

 Your Spells              Type           Power      Damage    Failure   Level
a - Freeze                Ice            100%       1d11      1%          1
b - Frozen Ramparts       Ice            50%        1d8       3%          3
c - Hailstorm             Conj/Ice       27%        3d7       10%         4

Your spell library contained the following spells:

 Spells                   Type           Power      Damage    Failure   Level
 Ozocubu's Armour         Ice            25%        N/A       3%          3
 Ensorcelled Hibernation  Hex/Ice        28%        N/A       6%          2
 Spider Form              Tmut/Pois      3%         N/A       41%         3
 Anguish                  Hex/Necr       1%         N/A       82%         4
 Summon Lightning Spire   Summ/Air       3%         N/A       82%         4
 Storm Form               Tmut/Air       1%         N/A       100%        7
 Maxwell's Capacitive Co  Air            1%         ∞         100%        8


Dungeon Overview and Level Annotations

Branches:
Dungeon (4/15) Zot: 423    Temple (1/1) D:4 Zot: 382

Altars:
Ashenzari
Dithmenos
Fedhas
Gozag
Makhleb
Nemelex Xobeh
Ru
Uskayaw
Wu Jian
Yredelemnul
Zin
The Shining One

Annotations:
D:4 Pikel


Innate Abilities, Weirdness & Mutations

You passively map a small area around you.
You are easily found by Zot.
You glow in the dark.
You regain HP and MP as you explore.
You are covered in fur. (AC +1)
You expend magic power (3 MP) to strengthen your wands.


Message History

As you read the scroll labelled GUHEKHL OWUI, it crumbles to dust.
You hear a loud clanging noise!
It was a scroll of noise.
You hear a shout! x2; You hear an angry hiss.
The orc hits you with a +4 whip. The gnoll closely misses you.
The orc misses you.
As you read the scroll labelled LIULIM TURO, it crumbles to dust.
It is a scroll of enchant armour.
Your +0 pair of gloves glows green for a moment.
The orc hits you with a +4 whip.
* * * LOW HITPOINT WARNING * * *
The gnoll hits you from afar with a +0 spear.
* * * LOW HITPOINT WARNING * * *
The orc hits you with a +0 hand axe.
* * * LOW HITPOINT WARNING * * *
You feel much better. The orc hits you with a +4 whip.
The gnoll hits you from afar with a +0 spear!
* * * LOW HITPOINT WARNING * * *
The orc hits you with a +0 hand axe.
* * * LOW HITPOINT WARNING * * *
The lemure is engulfed in poison gas.
The lemure is poisoned.
Flame seeps out of the lemure.
As you read the scroll labelled ZELOSU ITIO, it crumbles to dust.
Magic quickly surges around you.
It was a scroll of vulnerability.
The gnoll barely misses you. The orc hits you with a +4 whip.
* * * LOW HITPOINT WARNING * * *
The lemure is engulfed in poison gas.
The lemure looks even sicker.
Flame seeps out of the lemure.
The orc misses you.
As you read the scroll labelled WAUKLUNECW, it crumbles to dust.
A profound silence engulfs you.
It was a scroll of silence.
The orc hits you with a +4 whip.
* * * LOW HITPOINT WARNING * * *
The gnoll closely misses you. The orc hits you but does no damage.
The lemure is engulfed in poison gas.
The lemure looks even sicker.
Flame seeps out of the lemure.
You feel better.
Flame seeps out of the lemure.
The orc hits you with a +4 whip.
* * * LOW HITPOINT WARNING * * *
The gnoll hits you from afar with a +0 spear.
You die...

#....##.....##...#
,
###☼§##....).#...#*
###☼§####........#*
,
#☼§#§#############
** #.§§§§§§☼§☼§§ ,
#..§§§☼§§§§§§ , ,
#..#§§§§§§§☼§ ,
#..##§5§§§§§§ , *
#... #@oo§§§§# , ,
#.!.#§§oS§☼§§# ,,,
...§gg##§o§§§§ ,
..§.§§§* §§oK5§
§§#§§#☼ .##5§☼ §
#§☼§g *.. .☼§ , §§
§☼ , . .§ , ☼§###§
, , , * , * ,


You could see Pikel (weak-willed), 3 lemures, a gnoll bouda (inner flame,
weak-willed), an orc wizard (inner flame, weak-willed), 2 gnolls, 4 orcs and a
ball python (inner flame, weak-willed).

Vanquished Creatures
  Sigmund (D:3)
  A necrophage (D:4)
  An orc priest (D:4)
  2 hounds (D:4)
  2 jellies (D:4)
  Jessica (D:2)
  Natasha (D:4)
  An iguana (D:4)
  An orc wizard (D:3)
  Ijyb (D:3)
  Robin (D:3)
  3 adders
  2 worms
  2 dart slugs
  6 orcs
  8 ball pythons
  7 endoplasms
  A giant cockroach (D:2)
  14 goblins
  8 hobgoblins
  3 quokkas
  6 bats
  5 frilled lizards
  7 kobolds
  7 rats
92 creatures vanquished.

Notes
Turn   | Place    | Note
-------+----------+-------------------------------------------
     0 | D:1      | hawla the Meteoran Ice Elementalist began the quest for the
                  | Orb.
     0 | D:1      | Reached XP level 1. HP: 14/14 MP: 5/5
    76 | D:1      | Reached XP level 2. HP: 17/20 MP: 2/6
   112 | D:1      | Found a faded altar of an unknown god.
   219 | D:1      | Reached XP level 3. HP: 26/26 MP: 3/8
   223 | D:1      | Learned a level 3 spell: Frozen Ramparts
   500 | D:1      | Glimpsed the power of Zot.
   547 | D:2      | Reached skill level 5 in Ice Magic
   616 | D:2      | Noticed Jessica
   622 | D:2      | Killed Jessica
   623 | D:2      | Reached XP level 4. HP: 32/34 MP: 7/11
   628 | D:2      | Learned a level 4 spell: Hailstorm
   926 | D:2      | Identified the +6 spear "Figozxoh" {vorpal, Fragile +Blink
                  | rElec Int+8}
  1099 | D:2      | Glimpsed the power of Zot.
  1119 | D:3      | Gained mutation: You are covered in fur. (AC +1) [potion of
                  | mutation]
  1119 | D:3      | Gained mutation: You expend magic power (3 MP) to
                  | strengthen your wands. [potion of mutation]
  1214 | D:3      | Reached XP level 5. HP: 31/39 MP: 9/12
  1222 | D:3      | Noticed Sigmund
  1235 | D:3      | Killed Sigmund
  1236 | D:3      | Reached skill level 4 in Conjurations
  1236 | D:3      | Reached XP level 6. HP: 19/46 MP: 6/13
  1313 | D:3      | Noticed Ijyb
  1323 | D:3      | Killed Ijyb
  1410 | D:3      | Noticed Robin
  1420 | D:3      | Killed Robin
  1480 | D:3      | Reached XP level 7. HP: 41/51 MP: 2/14
  1607 | D:3      | Reached skill level 5 in Conjurations
  1699 | D:3      | Glimpsed the power of Zot.
  1705 | D:4      | Found a staircase to the Ecumenical Temple.
  1712 | Temple   | Entered the Ecumenical Temple
  2028 | D:4      | Reached skill level 6 in Conjurations
  2117 | D:4      | Noticed Natasha
  2126 | D:4      | Reached skill level 7 in Conjurations
  2126 | D:4      | Killed Natasha
  2127 | D:4      | Reached XP level 8. HP: 42/58 MP: 5/15
  2142 | D:4      | Noticed Pikel
  2152 | D:4      | Slain by a gnoll

Illustrated notes

Levels and vault maps discovered:
D:1:      minmay_arrival_split_and_join, layout_loops_ring,
          shapermc_ecumenical_altar_mp_highgroup, amcnicky_mini_corridor_feature
D:2:      minmay_chambers_of_ones, layout_basic, hex_intersection,
          nicolae_eternal_life, kennysheep_generic_room_4, uniq_jessica
D:3:      layout_loops_corners, uniq_robin, uniq_sigmund, uniq_ijyb,
          uniq_terence
D:4:      minmay_opposing_rooms, layout_cave_pools,
          regret_index_temple_of_mockery, minmay_temple_entry_statues_pillars,
          uniq_pikel, uniq_natasha
Temple:   chequers_temple_sunken

Skill      XL: |  1  2  3  4  5  6  7 |
---------------+----------------------+-----
Spellcasting   | 3 4 |  4.0
Ice Magic      | 5 6 |  6.0
Conjurations   | 4 7 |  7.3
Fighting       | |  0.5
Dodging        | |  2.5
Stealth        | |  1.4

Action                   |  1- 3 |  4- 6 |  7- 9 || total
-------------------------+-------+-------+-------++-------
Melee: Unarmed           |    10 |    10 |    14 ||    34
       Punch             |       |       |     1 ||     1
 Cast: Freeze            |    29 |    15 |    16 ||    60
       Frozen Ramparts   |     9 |    14 |     9 ||    32
       Hailstorm         |       |     2 |     4 ||     6
Evoke: Wand              |       |       |     1 ||     1
  Use: Scroll            |       |     4 |     7 ||    11
       Potion            |       |     1 |     3 ||     4
Armor: Robe              |     8 |     2 |    10 ||    20
Dodge: Dodged            |    15 |    13 |    21 ||    49
